 Dungeon Crawl Stone Soup version 0.31-a0-182-gc5ef74bbde (webtiles) character file.

Game seed: 17427357635800454256

540 qw the Chopper (level 7, 0/43 HPs)
             Began as a Gargoyle Fighter on June 21, 2023.
             Slain by Duvessa
             ... wielding a +0 short sword
              (3 damage)
             ... on level 4 of the Dungeon.
             The game lasted 00:02:13 (3913 turns).

qw the Chopper (Gargoyle Fighter)                   Turns: 3913, Time: 00:02:14

Health: 0/43       AC: 13    Str: 21    XL:     7   Next: 26%
Magic:  7/7        EV:  7    Int:  9    God:
Gold:   179        SH:  8    Dex:  9    Spells: 6/6 levels left

rFire   . . .        Y - +0 war axe (heavy)
rCold   . . .        i - +0 kite shield
rNeg    + . .        h - +0 chain mail
rPois   inf          (no helmet)
rElec   +            (no cloak)
rCorr   .            (no gloves)
SInv    +            (no boots)
Will    .....        (no amulet) Stlth
                     e - ring of see invisible
HPRegen 0.27/turn    (no ring)
MPRegen 0.10/turn

%: no passive effects
@: no status effects
A: sickness immunity, AC +4, negative energy resistance 1, electricity
resistance, torment resistance 1, petrification resistance
a: no special abilities


You were on level 4 of the Dungeon.
You visited 1 branch of the dungeon, and saw 4 of its levels.

You collected 179 gold pieces.


Innate Abilities, Weirdness & Mutations

You are immune to sickness and miasma.
Your stone body is resilient. (AC +4)
You are immune to poison.
You resist negative energy. (rN+)
You are resistant to electric shocks. (rElec)
You are resistant to unholy torment.
You are immune to petrification.


   Skills:
 - Level 4.0 Fighting
 + Level 5.7 Axes
 - Level 3.2 Armour
 - Level 5.3 Shields


You had 6 spell levels left.
You didn't know any spells.
Your spell library was empty.

Inventory:

Hand Weapons
 j - a +0 morningstar
 Y - a +0 heavy war axe (weapon)
Armour
 h - a +0 chain mail (worn)
 i - a +0 kite shield (worn)
Jewellery
 e - a ring of see invisible (left hand)
 f - a +6 ring of intelligence
Scrolls
 a - a scroll of enchant armour
 g - a scroll of identify
 l - 3 scrolls of fear {unknown}
Potions
 b - a potion of heal wounds
 c - a potion of mutation {unknown}
 d - a potion of might
 k - a potion of experience {unknown}

Dungeon Overview and Level Annotations

Branches:
Dungeon (4/15)
 Temple: D:4-7

Altars:

Shops:
D:1 (   D:4 (

Annotations:
D:3 exclusions: 3 hounds, 2 howler monkeys and 12 jackals
D:4 2 transporters, Duvessa; qw's ghost, novice NaHu


Message History

Enter note:
Enter note:
Enter note:
Enter note:
Enter note: The ufetubus hits you but does no damage.
The ufetubus hits you.
A hobgoblin comes into view.
Dowan gestures at Duvessa while chanting.
Duvessa seems to speed up.
Enter note:
Enter note:
Enter note:
Enter note:
Enter note:
Enter note:
Enter note:
Enter note: You slash the ufetubus!
You kill the ufetubus!
Duvessa barely misses you. Duvessa hits you but does no damage.
Dowan gestures at you while chanting. The puff of frost misses you.
You slice Dowan!!
You kill Dowan!
Duvessa weeps, and shakes her weapon.
Duvessa goes berserk!
You barely miss Duvessa. You block Duvessa's attack.
Duvessa hits you with a +0 short sword. Duvessa hits you with a +0 short sword!
The hobgoblin hits you but does no damage.
You hit Duvessa but do no damage. You hit the hobgoblin.
Duvessa hits you with a +0 short sword!
The hobgoblin hits you but does no damage.
Duvessa hits you but does no damage. You block the hobgoblin's attack.
Duvessa hits you but does no damage.
You slash the hobgoblin!
You kill the hobgoblin!
You hit Duvessa. Duvessa hits you with a +0 short sword!
Duvessa hits you with a +0 short sword.
You die...

#........... ####
#....#...... ..#.
####...[.......
....###.....##..#....
#...##....###..###..
#......#..%...##..
#.............###.
###...\.....##.###.>
#.e@........#### ##.
......)........## ##
.............#.#
#............###
.#..####....## ...#
##..## #.# #### ##


You could see Duvessa (berserk, fast).

Vanquished Creatures
  Dowan (D:4)
  A howler monkey (D:3)
  3 hounds
  2 orc priests (D:3)
  A sleepcap (D:4)
  2 orc wizards (D:3)
  7 gnolls (D:3)
  7 adders
  An ufetubus (D:4)
  A worm (D:2)
  2 dart slugs
  10 orcs (D:3)
  12 ball pythons
  5 bats
  An endoplasm (D:4)
  4 giant cockroaches
  8 hobgoblins
  10 jackals (D:3)
  3 quokkas (D:1)
  A frilled lizard (D:1)
  3 goblins
  7 kobolds
  6 rats
98 creatures vanquished.

Notes
Turn   | Place    | Note
-------+----------+-------------------------------------------
     0 | D:1      | qw the Gargoyle Fighter began the quest for the Orb.
     0 | D:1      | Reached XP level 1. HP: 14/14 MP: 1/1
     0 | D:1      | 0 ||| qw: Version: 0.3-a-9-g12657ce
     0 | D:1      | 0 ||| qw: Game counter: 1601
     0 | D:1      | 0 ||| qw: Always use a shield: true
     0 | D:1      | 0 ||| qw: God list: Okawaru
     0 | D:1      | 0 ||| qw: Allow faded altars: false
     0 | D:1      | 0 ||| qw: Do Orc after D:15 true
     0 | D:1      | 0 ||| qw: Do second Lair branch before Depths: true
     0 | D:1      | 0 ||| qw: Lair rune preference: random
     0 | D:1      | 0 ||| qw: Plans: Normal, Zot:1-4, Slime:5, God:TSO, Crypt,
                  | Tomb, Abyss, Pan, Hells, Win
     0 | D:1      | 0 ||| PLANNING D:1-11
   268 | D:1      | 268 ||| Stepping ~*~*~tactically~*~*~ (hiding).
   288 | D:1      | Reached XP level 2. HP: 15/19 MP: 2/2
   311 | D:1      | 311 ||| Stepping ~*~*~tactically~*~*~ (hiding).
   312 | D:1      | 312 ||| Stepping ~*~*~tactically~*~*~ (hiding).
   457 | D:1      | 457 ||| Stepping ~*~*~tactically~*~*~ (stealth).
   458 | D:1      | 458 ||| Stepping ~*~*~tactically~*~*~ (stealth).
   752 | D:1      | Found Umufenebb's Weapon Shop.
   871 | D:1      | Reached skill level 3 in Axes
   873 | D:1      | 873 ||| UPGRADING to +0 chain mail.
   883 | D:1      | 883 ||| DROPPING +0 scale mail.
   884 | D:1      | 884 ||| UPGRADING to +0 kite shield.
   894 | D:1      | 894 ||| DROPPING +0 buckler.
   895 | D:1      | 895 ||| UPGRADING to ring of see invisible.
   896 | D:1      | 896 ||| READING scroll labelled DEUNKOUMUNI.
   897 | D:1      | 897 ||| READING scroll labelled QIOKORGHADU.
  1169 | D:2      | Reached XP level 3. HP: 20/23 MP: 3/3
  1330 | D:2      | Reached XP level 4. HP: 28/28 MP: 4/4
  1934 | D:2      | 1934 ||| READING scroll labelled OSOMEU FYL BYUW.
  1935 | D:2      | 1935 ||| READING 2 scrolls labelled RAFRATY YTHRUJU.
  1936 | D:2      | 1936 ||| READING scroll labelled HIGHUKLACH.
  1937 | D:2      | 1937 ||| READING scroll labelled VUC KI VEMM.
  1938 | D:2      | 1938 ||| DRINKING 2 lumpy brown potions.
  1939 | D:2      | 1939 ||| DROPPING scroll of blinking.
  1998 | D:3      | 1998 ||| Stepping ~*~*~tactically~*~*~ (hiding).
  2000 | D:3      | 2000 ||| Stepping ~*~*~tactically~*~*~ (hiding).
  2001 | D:3      | 2001 ||| Stepping ~*~*~tactically~*~*~ (hiding).
  2002 | D:3      | 2002 ||| Stepping ~*~*~tactically~*~*~ (hiding).
  2004 | D:3      | 2004 ||| Stepping ~*~*~tactically~*~*~ (hiding).
  2134 | D:3      | 2134 ||| Stepping ~*~*~tactically~*~*~ (hiding).
  2136 | D:3      | 2136 ||| Stepping ~*~*~tactically~*~*~ (hiding).
  2205 | D:3      | 2205 ||| READING scroll labelled FYCOAKL JAEREE.
  2208 | D:3      | 2208 ||| Stepping ~*~*~tactically~*~*~ (hiding).
  2347 | D:3      | 2347 ||| Stepping ~*~*~tactically~*~*~ (water).
  2352 | D:3      | Reached XP level 5. HP: 26/32 MP: 5/5
  2536 | D:3      | Reached XP level 6. HP: 37/37 MP: 6/6
  2746 | D:3      | Found a faded altar of an unknown god.
  2748 | D:3      | 2748 ||| Stepping ~*~*~tactically~*~*~ (stealth).
  2749 | D:3      | 2749 ||| Stepping ~*~*~tactically~*~*~ (stealth).
  2751 | D:3      | 2751 ||| Stepping ~*~*~tactically~*~*~ (hiding).
  2773 | D:3      | 2773 ||| Stepping ~*~*~tactically~*~*~ (stealth).
  2774 | D:3      | 2774 ||| Stepping ~*~*~tactically~*~*~ (stealth).
  3038 | D:3      | 3038 ||| Stepping ~*~*~tactically~*~*~ (hiding).
  3072 | D:3      | 3072 ||| FLEEEEING.
  3164 | D:3      | 3164 ||| DROPPING +0 flail.
  3192 | D:3      | 3192 ||| Stepping ~*~*~tactically~*~*~ (stealth).
  3290 | D:3      | 3290 ||| Stepping ~*~*~tactically~*~*~ (stealth).
  3301 | D:3      | 3301 ||| READING scroll labelled HUBAEC SUELUL.
  3310 | D:3      | 3310 ||| FLEEEEING.
  3311 | D:3      | 3311 ||| FLEEEEING.
  3328 | D:3      | 3328 ||| Stepping ~*~*~tactically~*~*~ (stealth).
  3330 | D:3      | 3330 ||| Stepping ~*~*~tactically~*~*~ (stealth).
  3335 | D:3      | 3335 ||| DRINKING 2 cyan potions.
  3336 | D:3      | 3336 ||| DROPPING potion of brilliance.
  3403 | D:4      | Found a transporter.
  3403 | D:4      | Identified the +1 robe of the Desolation of Salt {MP+9
                  | Int+4}
  3549 | D:4      | 3549 ||| Stepping ~*~*~tactically~*~*~ (hiding).
  3709 | D:4      | Noticed qw's ghost (novice NaHu)
  3714 | D:4      | Found a transporter.
  3755 | D:4      | 3755 ||| Stepping ~*~*~tactically~*~*~ (hiding).
  3889 | D:4      | Found Mostuz's Antique Weapon Shop.
  3896 | D:4      | Reached XP level 7. HP: 43/43 MP: 7/7
  3906 | D:4      | Noticed Dowan
  3907 | D:4      | 3907 ||| SHOPLISTING ancient morningstar (279 gold, have
                  | 179).
  3907 | D:4      | 3907 ||| SHOPLISTING runed broad axe (217 gold, have 179).
  3907 | D:4      | Noticed Duvessa
  3911 | D:4      | Killed Dowan
  3913 | D:4      | HP: 3/43 [Duvessa/+0 short sword (14)]
  3913 | D:4      | Slain by Duvessa

Levels and vault maps discovered:
D:1:      arrival_zaba_pyramid, layout_basic, serial_shops,
          nicolae_shop_competitors_out_of_business, minmay_circled_x
D:2:      layout_basic, minmay_snake_closets
D:3:      lemuel_castle_with_subvaults [lemuel_castle_interior_carwin_1],
          layout_basic, shapermc_ecumenical_altar_notcrosses
D:4:      layout_cave_pools, ashenzari_altar_1, serial_shops, shop,
          gammafunk_ghost_mausoleum, serial_bayou_pond_e, minmay_ruptured,
          uniq_duvessa

Skill      XL: |  1  2  3  4  5  6 |
---------------+-------------------+-----
Axes           | 2 3 4 5 |  5.7
Shields        | 4 5 |  5.3
Fighting       | 4 |  4.0
Armour         | |  3.2

Action                     |  1- 3 |  4- 6 |  7- 9 || total
---------------------------+-------+-------+-------++-------
  Melee: War axe           |    93 |   164 |     8 ||   265
    Use: Scroll            |     2 |     6 |       ||     8
         Potion            |       |     2 |       ||     2
 Armour: Scale mail        |    14 |       |       ||    14
         Chain mail        |    29 |   155 |    12 ||   196
  Dodge: Dodged            |    37 |    94 |     3 ||   134
  Block: Buckler           |     6 |       |       ||     6
         Kite shield       |    25 |   109 |     2 ||   136

Table legend:
 A = Non-vault XP
 B = Vault XP
 C = Vault XP percentage of total XP
 D = Non-vault monster count
 E = Vault monster count
 F = Vault count percentage of total count
                 A         B        C        D         E       F
            +---------+---------+-------+---------+---------+-------
      Total |     367 |     407 |  52.6 |      54 |      44 |  44.9
            +---------+---------+-------+---------+---------+-------
        D:1 |      23 |       8 |  25.8 |      14 |       4 |  22.2
        D:2 |      11 |      61 |  84.7 |       5 |      10 |  66.7
        D:3 |     148 |     270 |  64.6 |      22 |      28 |  56.0
        D:4 |     185 |      68 |  26.9 |      13 |       2 |  13.3
            +---------+---------+-------+---------+---------+-------
